 Dungeon Sprint DCSS version 0.21-a0-71-g5e5ddd2 (webtiles) character file.

21 Kidiri the Ruffian (level 2, 0/24 HPs)
             Began as a Draconian Transmuter on June 19, 2017.
             Was a Believer of Wu Jian.
             Slain by a hungry ghost (3 damage)
             ... in the Dungeon (Sprint VII: "The Pits").
             The game lasted 00:01:56 (265 turns).

Kidiri the Ruffian (Draconian Transmuter)            Turns: 265, Time: 00:01:57

Health: 0/24       AC:  4    Str: 12    XL:     2   Next: 65%
Magic:  6/6        EV: 12    Int: 13    God:    Wu Jian [**....]
Gold:   0          SH:  0    Dex: 11    Spells: 6/7 levels left

rFire    . . .     SeeInvis .     - Unarmed
rCold    . . .     Gourm    .   (no shield)
rNeg     . . .     Faith    .   (armour unavailable)
rPois    .         Spirit   .   (helmet restricted)
rElec    .         Reflect  .   (no cloak)
rCorr    .         Harm     .   (no gloves)
MR       .....     NoTele   +   (no boots)
Stlth    ++........             (no amulet)
HPRegen  0.08/turn              (no ring)
MPRegen  0.10/turn              (no ring)

@: appendage, berserk cooldown, fainting, slowed, very slow
A: unfitting armour, horns 2, cold-blooded, AC +4
a: End Transformation, Renounce Religion


You were in the Dungeon.
You worshipped Wu Jian.
Wu Jian was pleased with you.
You were fainting.
You had grown temporary horns.
You visited 1 branch

Inventory:

Missiles
 a - 12 arrows
Scrolls
 i - a scroll of blinking
 l - 3 scrolls of remove curse
 m - 5 scrolls of amnesia
 n - a scroll of summoning
Potions
 f - a potion of haste
 g - 4 potions of magic
 h - 2 potions of berserk rage
 k - 2 potions of invisibility
Books
 b - a book of Changes

   Spells                             Type                      Level
   a - Beastly Appendage              Transmutation                1
   b - Sticks to Snakes               Transmutation                2
   c - Spider Form                    Transmutation/Poison         3
   d - Ice Form                       Ice/Transmutation            4
   e - Blade Hands                    Transmutation                5
Comestibles
 c - 8 bread rations
 j - 2 chunks of flesh
 o - 40 fruits
 p - 7 meat rations


   Skills:
 + Level 1.8 Fighting
 + Level 2.2 Dodging
 + Level 1.3 Stealth
 * Level 3.9 Unarmed Combat
 * Level 3.1 Spellcasting
 * Level 3.3 Transmutations


You had 6 spell levels left.
You knew the following spells:

 Your Spells              Type           Power        Failure   Level  Hunger
a - Beastly Appendage     Tmut           ##....       5%          1    #......


Dungeon Overview and Level Annotations

Branches:
Dungeon (1/1)

Altars:
Ashenzari
Cheibriados
Dithmenos
Elyvilon
Fedhas
Gozag
Hepliaklqana
Kikubaaqudgha
Makhleb
Nemelex Xobeh
Okawaru
Qazlal
Ru
Sif Muna
Trog
Uskayaw
Vehumet
Wu Jian
Xom
Yredelemnul
Zin
The Shining One
Beogh
Jiyva
Lugonu


Innate Abilities, Weirdness & Mutations

Your plain brown scales are hard. (AC +4)
You cannot fit into any form of body armour.
You are cold-blooded and may be slowed by cold attacks.
You have a pair of horns on your head.


Message History

You are fainting from starvation!
The floating eye's stare focuses on you.
The hungry ghost hits you.
* * * LOW HITPOINT WARNING * * *
You feel slightly more hungry. The hungry ghost barely misses you.
The hungry ghost hits you.
* * * LOW HITPOINT WARNING * * *
You feel slightly more hungry.
You can move again.
Unknown command.
Okay, then.
Unknown command.
You closely miss the hungry ghost.
The hungry ghost is heavily damaged.
The hungry ghost hits you.
You feel slightly more hungry.
You miss the hungry ghost.
Your tail-slap misses the hungry ghost.
The hungry ghost is heavily damaged.
The hungry ghost hits you.
You die...

#_________.#
#_______...###########+
##########+##..........
#.?(.+)))+.##......#..#
##########.##..........
#...........'..........
#+#####'#####......#..#
#..#..#..##..........
#.gW@.'..#####+#####+
##G####+###.......#
#.G......##.......#
#........##.......#
#####+#####...<...#
#.......# #.......#
#.......# #########


You could see a hungry ghost, a floating eye and a hobgoblin.

Vanquished Creatures
  An adder (D)
  An ooze (D)
  A leopard gecko (D)
  2 ball pythons (D)
  A bat zombie (D)
  A frilled lizard (D)
7 creatures vanquished.

Notes
Turn   | Place    | Note
-------+----------+-------------------------------------------
     0 | D        | Kidiri the Draconian Transmuter began the quest for the Orb.
     0 | D        | Reached XP level 1. HP: 16/16 MP: 3/3
    57 | D        | Found a bloodstained altar of Trog.
    57 | D        | Found a deep blue altar of Sif Muna.
    57 | D        | Found a viscous altar of Jiyva.
    57 | D        | Found a hazy altar of Hepliaklqana.
    57 | D        | Found an opulent altar of Gozag.
    58 | D        | Found a glowing golden altar of the Shining One.
    58 | D        | Found a glowing silver altar of Zin.
    58 | D        | Found a basalt altar of Yredelemnul.
    58 | D        | Found a shimmering altar of Xom.
    58 | D        | Found an ornate altar of the Wu Jian Council.
    58 | D        | Found a sacrificial altar of Ru.
    58 | D        | Found a stormy altar of Qazlal.
    58 | D        | Found an iron altar of Okawaru.
    58 | D        | Found a sparkling altar of Nemelex Xobeh.
    58 | D        | Found a burning altar of Makhleb.
    58 | D        | Found a blossoming altar of Fedhas.
    58 | D        | Found a white marble altar of Elyvilon.
    58 | D        | Found a shadowy altar of Dithmenos.
    58 | D        | Found a snail-covered altar of Cheibriados.
    60 | D        | Found a radiant altar of Vehumet.
    60 | D        | Found a corrupted altar of Lugonu.
    60 | D        | Found a roughly hewn altar of Beogh.
    61 | D        | Found a hide-covered altar of Uskayaw.
    61 | D        | Found an ancient bone altar of Kikubaaqudgha.
    61 | D        | Found a shattered altar of Ashenzari.
    69 | D        | Became a worshipper of the Wu Jian Council
   111 | D        | Reached XP level 2. HP: 20/24 MP: 0/5
   172 | D        | Reached * piety under Wu Jian
   172 | D        | Reached skill level 1 in Stealth
   237 | D        | Noticed a floating eye
   237 | D        | Noticed a hungry ghost
   242 | D        | Paralysed by a floating eye for 2 turns
   247 | D        | Reached ** piety under Wu Jian
   253 | D        | Paralysed by a floating eye for 3 turns
   259 | D        | Paralysed by a floating eye for 4 turns
   265 | D        | Slain by a hungry ghost

Vault maps used:
D:        pitsprint

Skill      XL: |  1  2 |
---------------+-------+-----
Dodging        | 2 |  2.2
Stealth        | 1 |  1.3
Transmutations | 3 |  3.3
Spellcasting   | 3 |  3.1
Fighting       | |  1.8
Unarmed Combat | |  3.9

Action                   || total
-------------------------++-------
Melee: Unarmed           ||    53
       Kick              ||     4
       Tailslap          ||     5
       Headbutt          ||     3
 Cast: Beastly Appendage ||     9
  Use: Potion            ||     3
  Eat: Chunk             ||     2
Armor: Skin              ||    31
Dodge: Dodged            ||    43
